 Dungeon Crawl Stone Soup version 0.28.0 (webtiles) character file.

Game seed: 14007218806868749538

44 ju1c3 the Skirmisher (level 3, 0/33 HPs)
             Began as a Hill Orc Fighter on Feb 18, 2022.
             Succumbed to an adder's poison
             ... on level 2 of the Dungeon.
             The game lasted 00:05:00 (1329 turns).

ju1c3 the Skirmisher (Hill Orc Fighter)             Turns: 1329, Time: 00:05:01

Health: 0/33       AC:  7    Str: 20    XL:     3   Next: 62%
Magic:  3/3        EV:  9    Int:  8    God:
Gold:   50         SH:  4    Dex: 10    Spells: 2/2 levels left

rFire   . . .      SeeInvis .   a - +0 war axe
rCold   . . .      Faith    .   c - +0 buckler
rNeg    . . .      Spirit   .   b - +0 scale mail
rPois   .          Reflect  .   (no helmet)
rElec   .          Harm     .   (no cloak)
rCorr   .          Rampage  .   (no gloves)
Will    .....                   (no boots)
Stlth   ..........              (no amulet)
HPRegen 0.11/turn               (no ring)
MPRegen 0.08/turn               (no ring)

@: mighty, lethally poisoned (0 -> -1), on berserk cooldown, slowed, very slow
A: no striking features
a: no special abilities


You were on level 2 of the Dungeon.
You visited 1 branch of the dungeon, and saw 2 of its levels.

You collected 50 gold pieces.

Inventory:

Hand Weapons
 a - a +0 war axe (weapon)
Missiles
 g - 28 stones (quivered)
Armour
 b - a +0 scale mail (worn)
 c - a +0 buckler (worn)
Scrolls
 f - a scroll of immolation {unknown}
 h - a scroll of blinking {unknown}


   Skills:
 + Level 4.1 Fighting
 * Level 4.1 Axes
 + Level 3.7 Armour
 - Level 3.2 Shields


You had 2 spell levels left.
You didn't know any spells.
Your spell library was empty.

Dungeon Overview and Level Annotations

Branches:
Dungeon (2/15)

Altars:


Message History

The adder is lightly wounded.
The adder bites you.
You are poisoned.
The adder poisons you! The adder bites you.
You are more poisoned.
The adder poisons you!
You barely miss the adder.
The adder is lightly wounded.
You feel very sick.
The adder bites you but does no damage. x2
You barely miss the adder.
The adder is lightly wounded.
You feel sick. The adder bites you.
You are more poisoned.
The adder poisons you! The adder barely misses you.
You are too injured to fight recklessly!
You are too injured to fight recklessly!
You are too injured to fight recklessly!
You feel very mighty all of a sudden.
You feel very sick. The adder bites you.
* * * LOW HITPOINT WARNING * * *
You slash the adder!
You kill the adder!
* * * LOW HITPOINT WARNING * * *
You feel very sick.
It was a potion of berserk rage.
A red film seems to cover your vision as you go berserk!
You feel yourself moving faster!
You feel mighty!
You feel sick.
You feel a strong urge to attack something.
You feel sick.
You feel sick.
You feel your anger nearly subside.
You are no longer berserk.
You are exhausted.
You feel yourself slow down.
* * * LOW HITPOINT WARNING * * *
You feel sick.
* * * LOW HITPOINT WARNING * * *
You feel sick.
You die...

... #†# #)#
#.# #.# #.#
#.# #.# #@#
### #.# #<#
#.#
#.#######.#
#.........#
###########


There were no monsters in sight!

Vanquished Creatures
  An adder (D:2)
  3 dart slugs (D:1)
  2 ball pythons (D:1)
  2 endoplasms (D:1)
  3 giant cockroaches (D:1)
  3 goblins
  4 hobgoblins (D:1)
  A quokka (D:1)
  4 bats (D:1)
  A frilled lizard (D:1)
  2 kobolds (D:1)
  A rat (D:1)
27 creatures vanquished.

Vanquished Creatures (others)
  9 plants (D:2)
9 creatures vanquished.

Grand Total: 36 creatures vanquished

Notes
Turn   | Place    | Note
-------+----------+-------------------------------------------
     0 | D:1      | ju1c3 the Hill Orc Fighter began the quest for the Orb.
     0 | D:1      | Reached XP level 1. HP: 19/19 MP: 1/1
   271 | D:1      | Reached XP level 2. HP: 23/27 MP: 2/2
   705 | D:1      | Reached XP level 3. HP: 32/33 MP: 3/3
  1328 | D:2      | HP: 1/33 [poisoned by an adder]
  1329 | D:2      | Succumbed to an adder's poison

Illustrated notes

Levels and vault maps discovered:
D:1:      amcnicky_arrival_abandoned_market, layout_loops_corners,
          minmay_unequal
D:2:      layout_basic, serial_shops, shop, dilly_ecumenical_altar_fadedgnrine

Skill      XL: |  1  2  3 |
---------------+----------+-----
Axes           | 3 4 |  4.1
Fighting       | 4 |  4.1
Armour         | |  3.7
Shields        | |  3.2

Action                   || total
-------------------------++-------
Melee: War axe           ||    79
Throw: Stone             ||     3
  Use: Potion            ||     2
Armor: Scale mail        ||    30
Dodge: Dodged            ||    39
Block: Buckler           ||    18
